Arrhythmia, chaotic female vampiric Convict -------- #.......| --------------- ###|......| #..............| # |......| ###|.............-############ |...>..| ------ # |.............| ------.- |.....## |.............| # |.[..| --------------- # --------- #.....| # |.......| ###------ ### |.......| # # |..%.....###### ------------ ### |.......| #####...........-# # |.......| # |...[......|### ## |.......|################ ### |..........| # ----------.-- ------.--# ---.----- # |....>.....| #####h@..........| #### |.....)..## ------------ |<..........| |.......| |...........| --------- ------------- Arrhythmia the Jail-bird Experience level: 8 Strength: 11 Dexterity: 17 Constitution: 19 Intelligence: 9 Wisdom: 11 Charisma: 7 Health: 0(90) Energy: 41(41) AC: 5 Gold: 298 Moves: 3303 Your Inventory: Coins $ - 298 gold pieces Armor b - a cursed +0 striped shirt (being worn) p - an [uncursed] +0 pair of jackboots [high] (being worn) q - an [uncursed] +0 iron skull cap [orcish helm] (being worn) z - an [uncursed] +0 leather cloak (being worn) B - an [uncursed] +0 small shield (being worn) Scrolls d - an [uncursed] scroll labeled ELAM EBOW [of gold detection] e - 2 [cursed] scrolls of teleportation f - 2 [blessed] scrolls of teleportation g - a [blessed] scroll labeled TEMOV [of identify] v - an [uncursed] scroll labeled KIRJE [of punishment] C - an [uncursed] scroll labeled PHOL ENDE WODAN [of destroy armor] F - an [uncursed] scroll labeled FNORD [of magic mapping] Wands h - an [uncursed] wand of light [0:11] y - an [uncursed] wand of digging [0:4] Tools o - an [uncursed] towel w - an [uncursed wax] candle Iron balls c - an [uncursed] heavy iron ball named Not today. (chained to you) (weapon in hand) Spells known in the end: Name Level Category Fail Memory Your skills at the end: Fighting Skills Weapon Skills sling [Basic / Skilled] Spellcasting Skills Final Attributes: You were piously aligned. Hunger level was -58. Your alignment was 26 / 26. Monster difficulty range was 0 - 5. Level difficulty was 2. You were immune to poison. You were immune to level-drain. You were immune to sickness. You were punished. You could fly. You could survive without air. You regenerated. Your luck was zero. You are dead. Vanquished creatures: a watchman a quivering blob a lizard a dog a rock piercer 6 gnome lords 4 giant ants a floating eye a kitten 8 dwarves a kobold shaman 4 hill orcs a monkey 3 orc zombies an iguana 2 coyotes 3 hobbits a large kobold a giant rat a cave spider 37 gnomes 2 geckos 3 jackals a fox a goblin 3 sewer rats 4 grid bugs a bat 4 lichens 5 newts 104 creatures vanquished. Voluntary challenges: You went without food. You never hit with a wielded weapon. You read items or engraved 3 times. You put on armor 10 times. You never genocided any monsters. You never polymorphed an object. You never changed form. You used no wishes. You abstained from Elbereth's help. You never encountered a bones level. You never used any Sokoban shortcuts. Dungeon overview: The Dungeons of Doom: levels 1 to 4 Level 1 a long staircase Level 2 <- You were here stairs to The Gnomish Mines The Gnomish Mines: levels 3 to 6 Level 3 stairs to The Dungeons of Doom History has recorded: On T:1 you entered the Dungeons of Doom to retrieve the Amulet of Yendor! On T:777 you reached level 2 of The Dungeons of Doom. On T:819 you advanced to experience level 2. On T:830 you reached level 1 of The Gnomish Mines. On T:844 you advanced to experience level 3. On T:882 you advanced to experience level 4. On T:954 you advanced to experience level 5. On T:984 you advanced to experience level 6. On T:1193 you reached level 2 of The Gnomish Mines. On T:1252 you advanced to experience level 7. On T:1535 you reached level 3 of The Gnomish Mines. On T:2002 you reached level 4 of The Gnomish Mines. On T:2224 you advanced to experience level 8. On T:2435 you reached level 3 of The Dungeons of Doom. On T:3171 you reached level 4 of The Dungeons of Doom. Latest messages: [HP-12=51] [14 turns] Where do you want to travel to? Never mind. You are already wielding that! You faint from lack of food. [HP+1=52] The dwarf swings his pick-axe of frost. The pick-axe freezes you! [HP-7=45] [HP+1=46] The dwarf swings his pick-axe of frost. The pick-axe freezes you! [HP-7=39] [HP+1=40] The dwarf swings his pick-axe of frost. The pick-axe freezes you! [HP-13=27] [HP+1=28] The dwarf swings his pick-axe of frost. The pick-axe freezes you! [HP-12=16] [HP+1=17] The dwarf swings his pick-axe of frost. The pick-axe freezes you! You die... (2x) Final status: Goodbye Arrhythmia the Convict... You died in The Dungeons of Doom on dungeon level 2 with 3609 points, and 298 pieces of gold, after 3303 moves. You were level 8 with a maximum of 90 hit points when you died.